 Dungeon Crawl Stone Soup version 0.30-a0-757-ga6a79fd877 (webtiles) character file.

Game seed: 4554807468941589783

3798 IdlyInterested the Basher (level 9, -7/65 HPs)
             Began as a Demonspawn Gladiator on Feb 9, 2023.
             Succumbed to a death drake's dark miasma
             ... on level 9 of the Dungeon.
             The game lasted 00:25:25 (8338 turns).

IdlyInterested the Basher (Demonspawn Gladiator)    Turns: 8338, Time: 00:25:26

Health: -7/65      AC: 11    Str: 18    XL:     9   Next: 96%
Magic:  9/9        EV: 12    Int: 10    God:
Gold:   468        SH:  0    Dex: 15    Spells: 8/8 levels left

rFire   + . .      SeeInvis .    N - +0 morningstar
rCold   . . .      Faith    .    (no shield)
rNeg    . . .      Spirit   .    E - +0 acid dragon scales
rPois   .          Reflect  .    c - +0 helmet
rElec   .          Harm     .    (no cloak)
rCorr   +          Rampage  .    (no gloves)
Will    .....                    (no boots)
Stlth   ++                       K - amulet of the acrobat
HPRegen 0.30/turn                l - ring of protection from fire
MPRegen 0.11/turn                u - +4 ring of protection

@: lethally poisoned (-7 -> -55)
A: powered by death 1, demonic magic 1, demonic touch 2
a: no special abilities


You were on level 9 of the Dungeon.
You visited 2 branches of the dungeon, and saw 10 of its levels.
You also visited: Ossuary.

You collected 468 gold pieces.

Inventory:

Hand Weapons
 a - a +0 flail
 b - a +0 scimitar of flaming
 p - a +1 flail of protection
 H - a +1 whip of flaming
 N - a +0 morningstar (weapon)
Missiles
 g - 86 stones (quivered)
 y - a javelin
 F - 4 poisoned darts
 G - 5 curare-tipped darts
 O - 3 boomerangs
Armour
 c - a +0 helmet (worn)
 B - +0 ice dragon scales
 E - +0 acid dragon scales (worn)
 I - a +2 robe of willpower
 P - +0 steam dragon scales
Magical Staves
 t - a staff of air
Jewellery
 l - a ring of protection from fire (left hand)
 n - an amulet of magic regeneration
 s - an amulet of faith
 u - a +4 ring of protection (right hand)
 D - a ring of protection from fire
 K - an amulet of the acrobat (around neck)
Wands
 e - a wand of mindburst (18)
 h - a wand of charming (4)
 k - a wand of acid (8)
 o - a wand of flame (20)
 C - a wand of digging (5)
 M - a wand of iceblast (14)
Scrolls
 j - 6 scrolls of teleportation
 w - 3 scrolls of fear
 z - 2 scrolls of blinking
Potions
 f - a potion of brilliance
 i - a potion of invisibility
 m - a potion of might
 q - 2 potions of ambrosia
 r - 6 potions of curing
 v - a potion of haste
 x - 4 potions of flight
 A - a potion of magic
 J - a potion of lignification
 L - 2 potions of heal wounds


   Skills:
 - Level 4.0 Fighting
 + Level 11.0 Maces & Flails
 - Level 2.0 Throwing
 - Level 2.0 Armour
 - Level 2.6 Dodging
 - Level 2.0 Stealth
 - Level 4.0 Unarmed Combat
 * Level 0.0 Spellcasting
 - Level 2.0 Air Magic
 - Level 4.0 Evocations


You had 8 spell levels left.
You didn't know any spells.
Your spell library contained the following spells:

 Spells                   Type           Power      Damage    Failure   Level
 Magic Dart               Conj           0%         1d3       45%         1
 Slow                     Hex            0%         N/A       45%         1
 Static Discharge         Conj/Air       4%         2-3/arc   45%         2
 Cigotuvi's Dreadful Rot  Necr/Pois/Air  2%         N/A       52%         2
 Call Imp                 Summ           0%         N/A       58%         2
 Ensorcelled Hibernation  Hex/Ice        0%         N/A       58%         2
 Vhi's Electric Charge    Tloc/Air       4%         N/A       69%         3
 Mephitic Cloud           Conj/Pois/Air  1%         N/A       75%         3
 Confusing Touch          Hex            0%         N/A       83%         3
 Spider Form              Tmut/Pois      0%         N/A       83%         3
 Vampiric Draining        Necr           0%         2d6       83%         3
 Anguish                  Hex/Necr       0%         N/A       99%         4
 Animate Dead             Necr           0%         N/A       99%         4
 Dispel Undead            Necr           0%         3d6       99%         4
 Arcjolt                  Conj/Air       1%         1d11      100%        5
 Borgnjor's Vile Clutch   Necr/Erth      0%         N/A       100%        5
 Lightning Bolt           Conj/Air       1%         1d12      100%        5
 Death Channel            Necr           0%         N/A       100%        6
 Borgnjor's Revivificati  Necr           0%         N/A       100%        8
 Necromutation            Tmut/Necr      0%         N/A       100%        8
 Death's Door             Necr           0%         N/A       100%        9


Dungeon Overview and Level Annotations

Branches:
Dungeon (9/15)             Temple (1/1) D:5         Ossuary (visited)
   Lair: D:8-11         Orc: D:9-12

Altars:
Ashenzari
Cheibriados
Dithmenos
Fedhas
Gozag
Hepliaklqana
Kikubaaqudgha
Makhleb
Okawaru
Qazlal
Ru
Sif Muna
Trog
Uskayaw
Vehumet
Wu Jian
Xom
Yredelemnul


Innate Abilities, Weirdness & Mutations

You regenerate a little health from kills.
Spells you cast may paralyse adjacent enemies.
Your touch may inflict irresistible damage on your foes.


Message History

Press: ? - help, Shift-Dir - straight line, f/p - death drake
Aim: a death drake (lightly wounded, 48% to hit)
You throw a throwing net.
The throwing net closely misses the death drake.
The death drake closely misses you.
Throw: throwing net
Press: ? - help, Shift-Dir - straight line, f/p - death drake
Aim: a death drake (lightly wounded, 48% to hit)
You throw a throwing net. The throwing net hits the death drake.
The death drake is caught in the net!
The death drake is lightly wounded.
The death drake struggles against the net.
You strike the helpless death drake from behind!
You thump the death drake!
The death drake is moderately wounded.
The death drake struggles against the net.
You strike the helpless death drake from behind!
You hit the death drake.
The death drake is moderately wounded.
The death drake struggles against the net.
You puncture the death drake!
You touch the death drake!
The death drake is severely wounded.
The death drake breathes miasma at you. The foul vapour misses you.
The death drake struggles against the net.
You puncture the death drake!
You touch the death drake!
The death drake is almost dead.
You are engulfed in dark miasma.
You are poisoned.
You feel very sick. The death drake breathes miasma at you.
The foul vapour engulfs you!
You are lethally poisoned!
* * * LOW HITPOINT WARNING * * *
The death drake struggles against the net.
You puncture the death drake! Your punch misses the death drake.
The death drake is almost dead.
You are engulfed in dark miasma.
You are more poisoned.
* * * LOW HITPOINT WARNING * * *
You die...

##########
#....<...#
#.>°..°..#
+..°°°...+
#.°°@°...#
###k######
#).# ##...
##...
###'# .


You could see a death drake (caught, catching breath).

Vanquished Creatures
  Pikel (D:6)
  Psyche (D:9)
  Maggie (D:6)
  A hornet (D:7)
  Sigmund (D:2)
  A steam dragon (D:9)
  Menkaure (D:6)
  Edmund (D:6)
  A water moccasin (D:5)
  3 black bears
  An ogre (D:4)
  A kobold brigand (D:8)
  2 phantoms
  3 bullfrogs
  2 gnoll sergeants (D:7)
  4 scorpions
  2 centaur zombies (Ossuary)
  A human zombie (Ossuary)
  4 hounds
  A jelly (D:5)
  3 orc priests
  A gnoll bouda (D:8)
  Jessica (D:2)
  Ijyb (D:5)
  2 mummies (Ossuary)
  15 gnolls
  6 adders
  2 shadow imps
  2 white imps
  2 adder zombies (Ossuary)
  4 worms
  2 dart slugs
  19 orcs
  7 endoplasms
  3 giant cockroaches
  8 goblins
  6 hobgoblins
  5 jackals
  12 kobolds
  2 quokkas
  3 ball pythons
  3 bats
  8 frilled lizards
  3 goblin zombies (Ossuary)
  11 hobgoblin zombies (Ossuary)
  8 kobold zombies (Ossuary)
  7 orc zombies (Ossuary)
  5 rats
  2 rat zombies (Ossuary)
186 creatures vanquished.

Vanquished Creatures (collateral kills)
  A jackal (D:5)
  5 kobolds (D:8)
6 creatures vanquished.

Vanquished Creatures (others)
  An iguana (D:5)
1 creature vanquished.

Grand Total: 193 creatures vanquished

Notes
Turn   | Place    | Note
-------+----------+-------------------------------------------
     0 | D:1      | IdlyInterested the Demonspawn Gladiator began the quest for
                  | the Orb.
     0 | D:1      | Reached XP level 1. HP: 16/16 MP: 1/1
    37 | D:1      | Reached skill level 3 in Maces & Flails
    37 | D:1      | Gained mutation: Your touch may inflict minor irresistible
                  | damage on your foes. [demonic ancestry]
    37 | D:1      | Reached XP level 2. HP: 13/22 MP: 2/2
    86 | D:1      | Reached skill level 1 in Stealth
   197 | D:1      | Gained mutation: You regenerate a little health from kills.
                  | [demonic ancestry]
   197 | D:1      | Reached XP level 3. HP: 7/27 MP: 3/3
   652 | D:2      | Noticed Sigmund
   698 | D:2      | Reached skill level 1 in Armour
   738 | D:2      | Killed Sigmund
   739 | D:2      | Reached skill level 5 in Maces & Flails
   739 | D:2      | Gained mutation: Spells you cast may paralyse adjacent
                  | enemies. [demonic ancestry]
   739 | D:2      | Reached XP level 4. HP: 8/33 MP: 4/4
   739 | D:2      | Reached XP level 5. HP: 9/38 MP: 5/5
   820 | D:2      | Noticed Jessica
   828 | D:2      | Killed Jessica
  1073 | D:2      | Reached XP level 6. HP: 44/44 MP: 6/6
  1253 | D:3      | Found a broken altar of Ashenzari.
  1524 | D:3      | Reached skill level 1 in Evocations
  2080 | D:3      | Found a hazy altar of Hepliaklqana.
  2504 | D:4      | Reached skill level 6 in Maces & Flails
  2504 | D:4      | Reached XP level 7. HP: 38/51 MP: 7/7
  2811 | D:4      | Found a burning altar of Makhleb.
  3316 | D:5      | Entered Level 5 of the Dungeon
  3317 | D:5      | Found a sand-covered staircase.
  3344 | Ossuary  | Entered an ossuary
  3740 | D:5      | Found a hide-covered altar of Uskayaw.
  3786 | D:5      | Found a staircase to the Ecumenical Temple.
  3798 | Temple   | Entered the Ecumenical Temple
  4102 | D:5      | Noticed Ijyb
  4117 | D:5      | Killed Ijyb
  4118 | D:5      | Reached XP level 8. HP: 38/60 MP: 8/8
  4385 | D:5      | Reached skill level 7 in Maces & Flails
  4407 | D:5      | Found an ornate altar of the Wu Jian Council.
  4910 | D:6      | Noticed Edmund
  4924 | D:6      | Killed Edmund
  5007 | D:6      | Found a snail-covered altar of Cheibriados.
  5019 | D:6      | Noticed Maggie
  5033 | D:6      | Killed Maggie
  5034 | D:6      | Reached skill level 8 in Maces & Flails
  5082 | D:6      | Noticed Pikel
  5106 | D:6      | Killed Pikel
  5107 | D:6      | Gained mutation: Your touch may inflict irresistible damage
                  | on your foes. [demonic ancestry]
  5107 | D:6      | Reached XP level 9. HP: 63/65 MP: 9/9
  5142 | D:6      | Noticed Menkaure
  5149 | D:6      | Killed Menkaure
  5150 | D:6      | Reached skill level 9 in Maces & Flails
  5300 | D:6      | Found a basalt altar of Yredelemnul.
  5314 | D:6      | Found a bloodstained altar of Trog.
  5995 | D:7      | Reached skill level 10 in Maces & Flails
  7456 | D:8      | Reached skill level 1 in Air Magic
  8315 | D:9      | Noticed Psyche
  8315 | D:9      | Noticed a two-headed ogre
  8316 | D:9      | a two-headed ogre changed into a death drake
  8316 | D:9      | Noticed a death drake
  8330 | D:9      | Killed Psyche
  8331 | D:9      | Reached skill level 11 in Maces & Flails
  8338 | D:9      | Succumbed to a death drake's dark miasma

Illustrated notes

Levels and vault maps discovered:
D:1:      saegor_arrival_simple_a, layout_rooms
D:2:      layout_basic, corexii_leaking_fountain, minmay_unequal, uniq_jessica,
          uniq_sigmund
D:3:      layout_loops_cross, nzn_hepliaklqana_mist_gate,
          nicolae_ashenzari_skybound, nicolae_titane
D:4:      layout_basic, mainiacjoe_overflow_six_doors_small, bloody_makhleb,
          grunt_ministairs_4
D:5:      layout_rooms, mainiacjoe_overflow_concentric_impassable,
          nzn_wu_jian_contemplation, minmay_temple_entry_waves,
          nicolae_ossuary_entry_ruins, nrook_mini_backslash,
          serial_bayou_crossing, uniq_ijyb
D:6:      layout_cave_pods, lemuel_crystal_altar, kennysheep_slug_shrine,
          trog_book, serial_glass, glass_columns_a, glass_columns_a, uniq_pikel,
          uniq_menkaure, uniq_edmund, uniq_maggie
D:7:      layout_loops_corners, elyvilon_altar_5
D:8:      layout_basic, serial_curves, eino_curves_01, eino_curves_03,
          minmay_liquid_box, minmay_splitting_lines,
          chequers_serial_rivers_room_a
D:9:      layout_roguey, mainiacjoe_overflow_chevrons, uniq_psyche
Temple:   jpeg_temple_clearing

Skill      XL: |  1  2  3  4  5  6  7  8  9 |
---------------+----------------------------+-----
Maces & Flails | 3 5 6 8 11 | 11.0
Stealth        | 1 2 |  2.0
Armour         | 1 2 |  2.0
Unarmed Combat | 2 3 4 |  4.0
Evocations     | 2 4 |  4.0
Fighting       | 4 |  4.0
Throwing       | 2 |  2.0
Air Magic      | 2 |  2.0
Dodging        | |  2.6

Action                     |  1- 3 |  4- 6 |  7- 9 || total
---------------------------+-------+-------+-------++-------
  Melee: Flail             |    85 |   150 |   274 ||   509
         Touch             |     9 |    18 |    72 ||    99
         Punch             |     1 |     2 |     7 ||    10
         Morningstar       |       |       |    75 ||    75
  Throw: Javelin           |     1 |       |     3 ||     4
         Stone             |     2 |     3 |    13 ||    18
         Dart              |       |       |     5 ||     5
         Throwing net      |       |       |     3 ||     3
  Evoke: Wand              |       |       |     3 ||     3
    Use: Scroll            |     2 |     5 |    13 ||    20
         Potion            |     2 |       |     1 ||     3
   Stab: Sleeping          |     1 |     1 |       ||     2
         Held in net/web   |       |       |     2 ||     2
 Armour: Leather armour    |    22 |     3 |       ||    25
         Plate armour      |       |    77 |   136 ||   213
         Ice dragon scales |       |       |   111 ||   111
         Acid dragon scale |       |       |    10 ||    10
  Dodge: Dodged            |    48 |    45 |   141 ||   234

Table legend: (Time is in decaauts)
 A = Elapsed time spent in this place.
 B = Non-inter-level travel time spent in this place.
 C = Inter-level travel time spent in this place.
 D = Time resting spent in this place.
 E = Time spent auto-exploring this place.
 F = Levels seen in this place.
 G = Mean time per level.
                   A        B        C        D        E       F      G
               +--------+--------+--------+--------+--------+-----+--------+
         Total |   8383 |   7328 |   1055 |    915 |   4158 |  11 |  762.1 |
       Dungeon |   8006 |   6951 |   1055 |    915 |   4031 |   9 |  889.6 |
        Temple |    115 |    115 |      0 |      0 |     91 |   1 |  115.0 |
       Ossuary |    261 |    261 |      0 |      0 |     36 |   1 |  261.0 |
               +--------+--------+--------+--------+--------+-----+--------+

Top non-repeatable levels by time:
     D:7: 1337 daAuts
     D:4: 1201 daAuts
     D:6: 1154 daAuts
     D:8: 1089 daAuts
     D:3: 987 daAuts
     D:5: 839 daAuts
     D:2: 712 daAuts
     D:1: 628 daAuts
 Ossuary: 261 daAuts
  Temple: 115 daAuts
     D:9: 55 daAuts
